 Dungeon Crawl Stone Soup version 0.25-a0-663-gace7076f2c (webtiles) character file.

Game seed: 9602317902414551659, levelgen mode: deterministic

63 DasRunzen the Ducker (level 3, -3/29 HPs)
             Began as a Demigod Gladiator on Mar 25, 2020.
             Slain by Sigmund
             ... wielding a +2 scythe of flaming
              (8 damage)
             ... on level 2 of the Dungeon.
             The game lasted 00:01:58 (828 turns).

DasRunzen the Ducker (Demigod Gladiator)             Turns: 828, Time: 00:01:58

Health: -3/29      AC:  4    Str: 17    XL:     3   Next: 61%
Magic:  7/7        EV: 13    Int: 14    God:
Gold:   60         SH:  0    Dex: 17    Spells: 4/4 levels left

rFire    . . .     SeeInvis .   a - +0 long sword
rCold    . . .     Gourm    .   (no shield)
rNeg     . . .     Faith    .   b - +0 leather armour
rPois    .         Spirit   .   c - +0 helmet
rElec    .         Reflect  .   (no cloak)
rCorr    .         Harm     .   (no gloves)
MR       .....                  (no boots)
Stlth    +.........             (no amulet)
HPRegen  0.09/turn              (no ring)
MPRegen  0.10/turn              (no ring)

@: no status effects
A: high mp 1
a: no special abilities


You were on level 2 of the Dungeon.
You were not hungry.

You visited 1 branch of the dungeon, and saw 2 of its levels.

You collected 60 gold pieces.

Inventory:

Hand Weapons
 a - a +0 long sword (weapon)
Missiles
 d - 3 throwing nets (quivered)
Armour
 b - a +0 leather armour (worn)
 c - a +0 helmet (worn)
Jewellery
 e - a cursed -3 ring of evasion {unknown}
Comestibles
 f - 6 rations


   Skills:
 + Level 2.2 Fighting
 + Level 3.0 Long Blades
 - Level 1.7 Throwing
 + Level 1.2 Armour
 + Level 3.1 Dodging
 + Level 1.1 Spellcasting


You had 4 spell levels left.
You didn't know any spells.
Your spell library was empty.

Dungeon Overview and Level Annotations

Branches:
Dungeon (2/15)

Annotations:
D:2 Sigmund


Innate Abilities, Weirdness & Mutations

You have an increased reservoir of magic. (+10% MP)


Message History

Sigmund burns you.
You closely miss Sigmund.
Sigmund is moderately wounded.
You barely miss Sigmund.
Sigmund is moderately wounded.
Sigmund casts a spell at you. The puff of flame hits you!
* * * LOW HITPOINT WARNING * * *
Sigmund closely misses you.
You riposte.
You barely miss Sigmund.
Sigmund is moderately wounded.
You barely miss Sigmund.
Sigmund is moderately wounded.
You closely miss Sigmund.
Sigmund is moderately wounded.
Sigmund casts a spell.
Sigmund flickers and vanishes!
Deactivating autopickup; reactivate with Ctrl-A.
You hit something. Something completely misses you.
You miss something. Something hits you!
You die...

#.###+##+## ... #.......<†.
.. #......... .. #.........
##. #......... #.. ##+#'#+###
#.# #.#.#.# #{# ##.#.#.#
#############@# #......#
#...........(.# #..#.###
#.############# #....#
#.#.......#...#.#####.#..#
#.#.......#.#.#.......#.>...
#.#####..##.#.######..######.
#...........#.######..#
.######..#####.##......#
...............##.###.######


There were no monsters in sight!

Vanquished Creatures
  2 adders (D:2)
  An ooze (D:1)
  A leopard gecko (D:1)
  2 giant cockroaches
  4 goblins (D:1)
  6 hobgoblins
  6 jackals (D:1)
  3 bats (D:1)
  2 frilled lizards (D:1)
  5 kobolds (D:1)
  6 rats (D:1)
38 creatures vanquished.

Notes
Turn   | Place    | Note
-------+----------+-------------------------------------------
     0 | D:1      | DasRunzen the Demigod Gladiator began the quest for the
                  | Orb.
     0 | D:1      | Reached XP level 1. HP: 17/17 MP: 3/3
    90 | D:1      | Reached XP level 2. HP: 20/24 MP: 4/4
   377 | D:1      | Reached skill level 1 in Armour
   377 | D:1      | Reached XP level 3. HP: 26/29 MP: 6/6
   381 | D:1      | Reached skill level 1 in Spellcasting
   752 | D:2      | Found a radiant altar of Vehumet.
   808 | D:2      | Noticed Sigmund
   828 | D:2      | Slain by Sigmund

Levels and vault maps discovered:
D:1:      mrwooster_arrival_arrow, layout_loops_ring
D:2:      layout_basic, minitemple, uniq_sigmund

Skill      XL: |  1  2  3 |
---------------+----------+-----
Fighting       | 2 |  2.2
Armour         | 1 |  1.2
Dodging        | 3 |  3.1
Long Blades    | 3 |  3.0
Spellcasting   | 1 |  1.1
Throwing       | |  1.7

Action                   || total
-------------------------++-------
Melee: Long sword        ||   109
  Use: Potion            ||     1
Armor: Leather armour    ||    39
Dodge: Dodged            ||   107
       Rpst.: Long sword ||    32

Table legend:
 A = Non-vault XP
 B = Vault XP
 C = Vault XP percentage of total XP
 D = Non-vault monster count
 E = Vault monster count
 F = Vault count percentage of total count
                 A         B        C        D         E       F
            +---------+---------+-------+---------+---------+-------
      Total |      90 |       0 |   0.0 |      38 |       0 |   0.0
            +---------+---------+-------+---------+---------+-------
        D:1 |      60 |       0 |   0.0 |      34 |       0 |   0.0
        D:2 |      30 |       0 |   0.0 |       4 |       0 |   0.0
            +---------+---------+-------+---------+---------+-------
